 Dungeon Crawl Stone Soup version 0.29-a0-362-g5854e031c7 (webtiles) character file.

Game seed: 6311429580907323630

0 Artihs the Caller (level 1, -3/13 HPs)
             Began as a Human Summoner on Apr 29, 2022.
             Slain by a gnoll
             ... wielding a +0 whip
              (5 damage)
             ... on level 1 of the Dungeon.
             The game lasted 00:03:56 (229 turns).

Artihs the Caller (Human Summoner)                   Turns: 229, Time: 00:03:57

Health: -3/13      AC:  2    Str:  8    XL:     1   Next: 11%
Magic:  1/3        EV: 12    Int: 15    God:
Gold:   17         SH:  0    Dex: 13    Spells: 3/4 levels left

rFire   . . .      SeeInvis .   (no weapon)
rCold   . . .      Faith    .   (no shield)
rNeg    . . .      Spirit   .   a - +0 robe
rPois   .          Reflect  .   (no helmet)
rElec   .          Harm     .   (no cloak)
rCorr   .          Rampage  .   (no gloves)
Will    .....                   (no boots)
Stlth   ++........              (no amulet)
HPRegen 0.04/turn               (no ring)
MPRegen 0.08/turn               (no ring)

@: weak-willed
A: no striking features
a: no special abilities


You were on level 1 of the Dungeon.
You visited 1 branch of the dungeon, and saw 1 of its levels.

You collected 17 gold pieces.

Inventory:

Armour
 a - a +0 robe (worn)
 c - a +0 leather armour
Potions
 b - a potion of magic
 d - a potion of might {unknown}


   Skills:
 + Level 2.0 Dodging
 + Level 2.0 Stealth
 + Level 2.0 Spellcasting
 + Level 4.0 Summonings


You had 3 spell levels left.
You knew the following spells:

 Your Spells              Type           Power      Damage    Failure   Level
a - Summon Small Mammal   Summ           52%        N/A       4%          1

Your spell library contained the following spells:

 Spells                   Type           Power      Damage    Failure   Level
 Call Imp                 Summ           13%        N/A       6%          2
 Call Canine Familiar     Summ           13%        N/A       13%         3
 Summon Guardian Golem    Hex/Summ       7%         N/A       28%         3
 Summon Lightning Spire   Summ/Air       7%         N/A       67%         4


Dungeon Overview and Level Annotations

Branches:
Dungeon (1/15)

Altars:


Message History

Gang up on whom?
Press: ? - help, Dir - move target, f - gnoll
Aim: a gnoll, wielding a +0 whip Attack!
Your quokka bites the gnoll.
The gnoll hits your quokka with a +0 whip.
Your quokka dies!
Your quokka's corpse disappears in a puff of smoke!
Your magical contamination has completely faded away.
The frilled lizard unfolds its giant frill.
You swap places.
The gnoll attacks as you move away! The gnoll barely misses you.
The gnoll hits your rat with a +0 whip!
Your rat dies!
Your rat's corpse disappears in a puff of smoke!
The frilled lizard hisses.
As you read the scroll labelled FUDEYTZ VARHAF, it crumbles to dust.
It is a scroll of amnesia.
Okay, then.
As you read the scroll labelled WODAIB MAMNEOPPOHA, it crumbles to dust.
Magic quickly surges around you.
It was a scroll of vulnerability.
The gnoll closely misses you.
You closely miss the gnoll. The gnoll hits you with a +0 whip.
You barely miss the gnoll. The gnoll misses you.
You closely miss the gnoll.
The endoplasm jiggles.
The gnoll misses you.
You hit the gnoll.
The gnoll is lightly wounded.
The gnoll hits you with a +0 whip!
Ouch! That really hurt!
* * * LOW HITPOINT WARNING * * *
You completely miss the gnoll.
The gnoll is lightly wounded.
The gnoll closely misses you.
You hit the gnoll but do no damage. The gnoll closely misses you.
You hit the gnoll but do no damage. The gnoll closely misses you.
You are too injured to fight recklessly!
You are too injured to fight recklessly!
You closely miss the gnoll. The gnoll closely misses you.
You barely miss the gnoll. The gnoll hits you with a +0 whip.
You die...

...# #.#.##.# ...#
#.#.##.# ....#
#.#.#..# #.#.#.##
#.#.#.# #.#.#.#
#..Jl.# ###g### #
#@# ###.# #.#
....# #.#
'#..############.#
.#...............#
.######.##########
<..# #..#
.#######.#
.......'.#


You could see a gnoll (weak-willed), an endoplasm (weak-willed) and a frilled
lizard (weak-willed).

Vanquished Creatures (collateral kills)
  A ball python (D:1)
1 creature vanquished.

Notes
Turn   | Place    | Note
-------+----------+-------------------------------------------
     0 | D:1      | Artihs the Human Summoner began the quest for the Orb.
     0 | D:1      | Reached XP level 1. HP: 13/13 MP: 3/3
   229 | D:1      | Slain by a gnoll

Illustrated notes

Levels and vault maps discovered:
D:1:      shiori_shiawase, layout_basic,
          shapermc_ecumenical_altar_mp_ritualfount

Action                   || total
-------------------------++-------
Melee: Unarmed           ||     9
 Cast: Summon Small Mamm ||     7
  Use: Scroll            ||     2
Dodge: Dodged            ||     8

Table legend: (Time is in decaauts)
 A = Elapsed time spent in this place.
 B = Non-inter-level travel time spent in this place.
 C = Inter-level travel time spent in this place.
 D = Time resting spent in this place.
 E = Time spent auto-exploring this place.
 F = Levels seen in this place.
 G = Mean time per level.
                   A        B        C        D        E       F      G
               +--------+--------+--------+--------+--------+-----+--------+
         Total |    229 |     67 |    162 |      0 |      0 |   1 |  229.0 |
       Dungeon |    229 |     67 |    162 |      0 |      0 |   1 |  229.0 |
               +--------+--------+--------+--------+--------+-----+--------+

Top non-repeatable levels by time:
     D:1: 229 daAuts
